 Seeded DCSS version 0.30-a0-509-gd016549fea (webtiles) character file.

Game seed: 20221222 (custom seed)

109 flotson the Sneak (level 4, 35/35 HPs)
             Began as a Demonspawn Delver on Dec 22, 2022.
             Quit the game on level 1 of the Dungeon on Dec 23, 2022.
             The game lasted 00:05:38 (1293 turns).

flotson the Sneak (Demonspawn Delver)               Turns: 1293, Time: 00:05:39

Health: 35/35      AC:  7    Str: 15    XL:     4   Next: 59%
Magic:  4/4        EV: 11    Int: 11    God:
Gold:   19         SH:  0    Dex: 12    Spells: 3/3 levels left

rFire   . . .      SeeInvis .    a - +0 hand axe
rCold   . . .      Faith    .    (no shield)
rNeg    . . .      Spirit   .    d - +0 ring mail
rPois   .          Reflect  .    q - +1 hat
rElec   .          Harm     .    e - +0 cloak
rCorr   .          Rampage  .    (no gloves)
Will    .....                    (no boots)
Stlth   ++........               (no amulet)
HPRegen 0.25/turn                (no ring)
MPRegen 0.09/turn                (no ring)

@: no status effects
A: hooves 1, demonic magic 1, clumsy 1, high MP 1
a: no special abilities


You were on level 1 of the Dungeon.
You visited 1 branch of the dungeon, and saw 5 of its levels.
You also visited: Sewer.

You collected 19 gold pieces.

Inventory:

Hand Weapons
 a - a +0 hand axe (weapon)
Armour
 d - a +0 ring mail (worn)
 e - a +0 cloak (worn)
 q - a +1 hat (worn)
Wands
 g - a wand of digging (3)
Scrolls
 b - a scroll of poison {unknown}
 c - a scroll of fog
 f - a scroll of silence {unknown}
 h - a scroll of teleportation {unknown}
 i - a scroll of immolation {unknown}
 j - 3 scrolls of identify {unknown}
 k - 3 scrolls of fear
 l - a scroll of brand weapon {unknown}
 o - a scroll of enchant weapon {unknown}
 p - a scroll of enchant armour {unknown}
 r - a scroll of noise {unknown}
Potions
 m - 2 potions of mutation
 n - a potion of heal wounds {unknown}


   Skills:
 + Level 3.5 Fighting
 + Level 2.4 Axes
 + Level 1.3 Armour
 + Level 2.3 Dodging
 + Level 4.9 Stealth
 + Level 1.3 Evocations


You had 3 spell levels left.
You didn't know any spells.
Your spell library contained the following spells:

 Spells                   Type           Power      Damage    Failure   Level
 Ensorcelled Hibernation  Hex/Ice        0%         N/A       71%         2
 Passwall                 Tmut/Erth      0%         N/A       71%         2
 Swiftness                Air            0%         N/A       90%         3
 Animate Armour           Summ/Erth      0%         N/A       100%        4
 Blade Hands              Tmut           0%         N/A       100%        5
 Iron Shot                Conj/Erth      0%         9d1       100%        6


Dungeon Overview and Level Annotations

Branches:
Dungeon (5/15)              Sewer (visited)
 Temple: D:4-7

Altars:

Annotations:
D:4 Eustachio


Innate Abilities, Weirdness & Mutations

You have large cloven feet.
Spells you cast may paralyse adjacent enemies.
You are clumsy. (Dex -2)
You have an increased reservoir of magic. (+10% MP)


Message History

Found a book of Burglary.
The hobgoblin shouts!
Found a stone staircase leading down.
You barely miss the kobold. The kobold hits you but does no damage.
You hit the kobold.
The kobold is severely wounded.
The kobold hits you but does no damage.
You hit the kobold.
You kill the kobold!
The hobgoblin barely misses you.
You hit the hobgoblin.
You kill the hobgoblin!
The helpless ball python fails to defend itself.
You slash the ball python!
You kill the ball python!
No target in view!
No target in view!
No target in view!
No target in view!
No target in view!
No target in view!
You pick up a book of Iron and begin reading...
You add the spells Animate Armour, Blade Hands and Iron Shot to your library.
You pick up a book of Burglary and begin reading...
You add the spells Passwall, Ensorcelled Hibernation and Swiftness to your library.
Okay, then.
Options error: Bad pregen_dungeon value: true (should be classic, false or incremental) (~/.crawlrc:90) Welcome back, flotson the Demonspawn Delver.
Game seed: 20221222 (custom seed) Press ? for a list of commands and other information.
Found an escape hatch in the floor.
Found an escape hatch in the floor.
Found an escape hatch in the floor.
You now have 10 gold pieces.
Found a spear.
You now have 19 gold pieces (gained 9).
Found a staircase leading out of the dungeon.
You see here a +0 spear.
r - a scroll labelled YSTROIME ICHU Are you sure you want to abandon this character and quit the game? (Confirm with "yes".)

#>.............#
##..#..#..#..#..#
##...............#
#................#
#.#>............<#
###.#..............#
#...............)..#
###.#..#..#..#..#..#
###.#>..........@..#
....################
#>....# #.#...#
#.#.### ......
....## ....# ...###


There were no monsters in sight!

Vanquished Creatures
  Jessica (D:3)
  4 adders (Sewer)
  2 river rats (Sewer)
  4 endoplasms
  A goblin (D:1)
  3 hobgoblins
  6 ball pythons
  6 frilled lizards (Sewer)
  2 kobolds (D:1)
  8 rats
37 creatures vanquished.

Notes
Turn   | Place    | Note
-------+----------+-------------------------------------------
     0 | D:5      | flotson the Demonspawn Delver began the quest for the Orb.
     0 | D:5      | Reached XP level 1. HP: 18/18 MP: 1/1
    23 | D:4      | Found a glowing drain.
    59 | D:4      | Noticed Eustachio
    69 | Sewer    | Entered a sewer
   188 | Sewer    | Gained mutation: Spells you cast may paralyse adjacent
                  | enemies. [demonic ancestry]
   188 | Sewer    | Reached XP level 2. HP: 8/24 MP: 2/2
   315 | Sewer    | Gained mutation: You have large cloven feet. [demonic
                  | ancestry]
   315 | Sewer    | Reached XP level 3. HP: 15/29 MP: 3/3
   430 | Sewer    | Reached skill level 1 in Armour
   460 | Sewer    | Reached skill level 1 in Evocations
   560 | Sewer    | Gained mutation: You are clumsy. (Dex -2) [potion of
                  | mutation]
   560 | Sewer    | Gained mutation: You have an increased reservoir of magic.
                  | (+10% MP) [potion of mutation]
   730 | Sewer    | Reached XP level 4. HP: 35/35 MP: 4/4
   902 | D:3      | Noticed Jessica
   923 | D:3      | Killed Jessica
  1293 | D:1      | Quit the game

Illustrated notes

Levels and vault maps discovered:
D:1:      lemuel_arrival_broad_hall, layout_basic, minmay_misc_feat_diagonals
D:2:      cheibrodos_pilgrimage, layout_loops_corners,
          dilly_ecumenical_altar_fadedgnrine, uniq_natasha,
          uniq_crazy_yiuf_cottage
D:3:      layout_loops_ring, uniq_jessica
D:4:      gammafunk_wand_slinger, layout_basic, jmf_multi_god_temple,
          cheibrodos_sewer_entry_drain, minmay_curled_crystal, uniq_eustachio
D:5:      layout_cave_pools, uniq_ijyb

Skill      XL: |  1  2  3 |
---------------+----------+-----
Axes           | 2 |  2.4
Dodging        | 2 |  2.3
Armour         | 1 |  1.3
Evocations     | 1 |  1.3
Fighting       | |  3.5
Stealth        | |  4.9

Action                   |  1- 3 |  4- 6 || total
-------------------------+-------+-------++-------
Melee: Hand axe          |    98 |    40 ||   138
       Kick              |     1 |    13 ||    14
  Use: Scroll            |     1 |     1 ||     2
       Potion            |     5 |       ||     5
 Stab: Sleeping          |     4 |     1 ||     5
Armor: Ring mail         |    40 |    15 ||    55
       Leather armour    |     3 |       ||     3
       Skin              |     8 |       ||     8
Dodge: Dodged            |    72 |    25 ||    97

Table legend: (Time is in decaauts)
 A = Elapsed time spent in this place.
 B = Non-inter-level travel time spent in this place.
 C = Inter-level travel time spent in this place.
 D = Time resting spent in this place.
 E = Time spent auto-exploring this place.
 F = Levels seen in this place.
 G = Mean time per level.
                   A        B        C        D        E       F      G
               +--------+--------+--------+--------+--------+-----+--------+
         Total |   1367 |   1364 |      3 |     78 |    793 |   6 |  227.8 |
       Dungeon |    586 |    583 |      3 |     66 |    269 |   5 |  117.2 |
         Sewer |    780 |    780 |      0 |     12 |    524 |   1 |  780.0 |
               +--------+--------+--------+--------+--------+-----+--------+

Top non-repeatable levels by time:
   Sewer: 780 daAuts
     D:3: 198 daAuts
     D:1: 195 daAuts
     D:4: 92 daAuts
     D:2: 92 daAuts
     D:5: 9 daAuts
